 Dungeon Crawl Stone Soup version 0.26.1-11-gd32895ea62 (webtiles) character file.

Game seed: 18156759396031325484

4983 droganthewolf the Skirmisher (level 10, -1/92 HPs)
             Began as a Palentonga Fighter on July 6, 2021.
             Was a Believer of Qazlal.
             Slain by an orc warrior
             ... wielding a cursed +0 glaive
              (9 damage)
             ... on level 9 of the Dungeon.
             The game lasted 00:36:12 (10422 turns).

droganthewolf the Skirmisher (Palentonga Fighter)  Turns: 10422, Time: 00:36:12

Health: -1/92      AC: 22    Str: 22    XL:     10   Next: 29%
Magic:  4/4        EV:  6    Int:  9    God:    Qazlal [**....]
Gold:   570        SH: 13    Dex: 10    Spells: 9/9 levels left

rFire    . . .     SeeInvis +   b - +2 flail (antimagic)
rCold    . . .     Faith    .   c - +0 kite shield
rNeg     . . .     Spirit   .   B - +3 scale mail {rPois}
rPois    +         Reflect  .   m - +0 helmet
rElec    .         Harm     .   (no cloak)
rCorr    .         Rampage  .   (no gloves)
Will     +....                  (no barding)
Stlth    ..........             (no amulet)
HPRegen  0.25/turn              g - ring of willpower
MPRegen  0.09/turn              r - +4 ring of protection

@: lethally poisoned (-1 -> -9), about to teleport, curled up
A: large, rugged brown scales 3, see invisible, deformed body, roll 1, armoured
tail, reflexive curl
a: Rolling Charge, Renounce Religion, Upheaval


You were on level 9 of the Dungeon.
You worshipped Qazlal.
Qazlal was pleased with you.
You visited 2 branches of the dungeon, and saw 10 of its levels.

You collected 570 gold pieces.

Inventory:

Hand Weapons
 b - a +2 antimagic flail (weapon)
Armour
 c - a +0 kite shield (worn)
 m - a +0 helmet (worn)
 B - a +3 scale mail of poison resistance (worn)
Jewellery
 g - a ring of willpower (left hand)
 r - a +4 ring of protection (right hand)
 y - an uncursed ring of ice
Wands
 u - a wand of random effects (40)
 C - a wand of iceblast (12)
 E - a wand of enslavement (7)
Scrolls
 a - a scroll of fog {unknown}
 f - a scroll of amnesia {unknown}
 j - a scroll of magic mapping {unknown}
 l - 4 scrolls of teleportation
 p - a scroll of remove curse
 s - 2 scrolls of random uselessness {unknown}
 w - a scroll of vulnerability {unknown}
 x - 2 scrolls of immolation {unknown}
 z - 2 scrolls of blinking {unknown}
 A - a scroll of enchant armour {unknown}
 D - a scroll of acquirement {unknown}
Potions
 d - a potion of might
 e - 3 potions of lignification
 h - 2 potions of haste {unknown}
 i - a potion of berserk rage
 k - 4 potions of curing
 n - a potion of flight {unknown}
 o - 2 potions of heal wounds
 q - 2 potions of brilliance
 t - 3 potions of attraction


   Skills:
 + Level 7.6 Fighting
 - Level 7.0 Long Blades
 + Level 4.9 Maces & Flails
 + Level 6.2 Armour
 + Level 6.3 Shields
 + Level 4.4 Invocations


You had 9 spell levels left.
You didn't know any spells.
Your spell library contained the following spells:

 Spells                   Type           Power        Failure   Level
 Foxfire                  Conj/Fire      0%           87%         1
 Conjure Flame            Conj/Fire      0%           99%         3
 Inner Flame              Hex/Fire       0%           99%         3
 Sticky Flame             Conj/Fire      0%           100%        4
 Fireball                 Conj/Fire      0%           100%        5


Dungeon Overview and Level Annotations

Branches:
Dungeon (9/15)             Temple (1/1) D:6
   Lair: D:8-11         Orc: D:9-12

Altars:
Ashenzari
Cheibriados
Dithmenos
Elyvilon
Fedhas
Gozag
Hepliaklqana
Makhleb
Nemelex Xobeh
Okawaru
Qazlal
Ru
Sif Muna
Trog
Uskayaw
Vehumet
Wu Jian
Xom
Yredelemnul
Zin
The Shining One

Shops:
D:4 [[=?   D:8 (


Innate Abilities, Weirdness & Mutations

You are completely covered in rugged brown scales. (AC +3, +7% HP)
You have supernaturally acute eyesight. (SInv)
Armour fits poorly on your strangely shaped body.
You can roll at nearby foes to attack.
You have a long armoured tail.
You curl defensively after being hit.


Message History

You feel sick. The orc wizard barely misses you.
The orc wizard hits you but does no damage.
You are lethally poisoned!
You block the orc warrior's attack.
You barely miss the orc warrior.
The orc warrior is almost dead.
* * * LOW HITPOINT WARNING * * *
You feel sick.
The orc wizard hits you but does no damage.
You block the orc wizard's attack.
The orc warrior hits you but does no damage.
As you read the scroll of teleportation, it crumbles to dust.
You feel strangely unstable.
* * * LOW HITPOINT WARNING * * *
You feel sick.
The orc wizard hits you but does no damage.
* * * LOW HITPOINT WARNING * * *
You feel sick.
The orc warrior hits you with a cursed +0 glaive!
You die...

################ ##
.......#.......# ..
.......'.......+ '.
.....).#.......# .#
#'#######..#..######..#
)..# #..#..'.@o'o..#
...# #..#..#..o#†..#
...# #..#..#...##..#
...# #..#..#....#..#
...# #.#####....# .#
...# ..# .....# .# ...#
......# # #### ...##+##


You could see an orc warrior, an orc wizard (fast) and an orc.

Vanquished Creatures
  Psyche (D:8)
  Maggie (D:6)
  A gargoyle (D:7)
  Grinder (D:6)
  Sigmund (D:3)
  A steam dragon (D:8)
  Edmund (D:5)
  3 ice beasts
  2 orc warriors
  A hornet zombie (D:8)
  2 phantoms
  A necrophage (D:5)
  5 sky beasts
  5 ogres
  2 centaurs
  2 big kobolds
  2 bullfrogs
  A scorpion (D:4)
  3 killer bees
  2 howler monkeys
  A bullfrog zombie (D:6)
  2 centaur zombies (D:6)
  A quasit (D:7)
  4 hounds
  4 orc priests
  A centaur skeleton (D:5)
  2 iguanas
  Jessica (D:2)
  Terence (D:2)
  7 orc wizards
  8 worker ants
  A hound skeleton (D:6)
  Robin (D:2)
  9 adders
  A shadow imp (D:6)
  2 white imps
  3 adder zombies
  2 adder skeletons
  3 worms
  3 dart slugs
  2 leopard geckos (D:7)
  25 orcs
  2 ball pythons (D:2)
  9 giant cockroaches
  13 goblins
  11 hobgoblins
  4 jackals (D:6)
  4 quokkas
  10 bats
  A jackal zombie (D:6)
  17 kobolds
  A leopard gecko skeleton (D:8)
  3 quokka zombies (D:6)
  7 rats
204 creatures vanquished.

Notes
Turn   | Place    | Note
-------+----------+-------------------------------------------
     0 | D:1      | droganthewolf the Palentonga Fighter began the quest for
                  | the Orb.
     0 | D:1      | Reached XP level 1. HP: 20/20 MP: 1/1
    93 | D:1      | Reached XP level 2. HP: 21/27 MP: 2/2
   714 | D:2      | Noticed Terence
   731 | D:2      | Reached XP level 3. HP: 31/33 MP: 3/3
   735 | D:2      | Killed Terence
   808 | D:2      | Noticed Robin
   835 | D:2      | Killed Robin
   836 | D:2      | Reached XP level 4. HP: 18/40 MP: 4/4
  1485 | D:2      | Reached XP level 5. HP: 27/49 MP: 5/5
  1697 | D:2      | Noticed Jessica
  1700 | D:2      | Killed Jessica
  2226 | D:3      | Noticed Sigmund
  2252 | D:3      | Killed Sigmund
  2253 | D:3      | Reached XP level 6. HP: 7/56 MP: 6/6
  2532 | D:3      | You fall into a shaft and drop 1 floor!
  2565 | D:4      | Found Taoc's Armour Boutique.
  2581 | D:4      | Found Gejostroi's Antique Armour Emporium.
  3196 | D:4      | Gained mutation: You curl defensively after being hit.
                  | [Palentonga growth]
  3196 | D:4      | Reached XP level 7. HP: 15/64 MP: 7/7
  3457 | D:4      | Found Emess's Jewellery Shop.
  3464 | D:4      | Found Rezumuo's Magic Scroll Emporium.
  3990 | D:5      | Entered Level 5 of the Dungeon
  4235 | D:5      | Reached skill level 5 in Fighting
  4489 | D:5      | Found an iron altar of Okawaru.
  4537 | D:5      | Noticed Edmund
  4561 | D:5      | Killed Edmund
  4821 | D:5      | Reached skill level 5 in Long Blades
  4821 | D:5      | Reached XP level 8. HP: 59/73 MP: 8/8
  5165 | D:5      | Reached skill level 1 in Maces & Flails
  5541 | D:5      | Reached skill level 5 in Shields
  5715 | D:5      | Reached skill level 5 in Armour
  6111 | D:6      | Found a staircase to the Ecumenical Temple.
  6114 | D:6      | Noticed Grinder
  6125 | Temple   | Entered the Ecumenical Temple
  6644 | Temple   | Became a worshipper of Qazlal Stormbringer
  6757 | D:6      | Killed Grinder
  6758 | D:6      | Reached XP level 9. HP: 52/80 MP: 9/9
  7007 | D:6      | Reached skill level 1 in Invocations
  7581 | D:7      | Noticed Maggie
  7589 | D:6      | Reached * piety under Qazlal
  7607 | D:6      | Killed Maggie
  7921 | D:7      | Found a shimmering altar of Xom.
  7936 | D:7      | Found a radiant altar of Vehumet.
  7936 | D:7      | Found a white marble altar of Elyvilon.
  8073 | D:7      | Identified the cursed +0 quarterstaff of the Heavens {pain,
                  | rElec rF+ Int+3}
  8228 | D:7      | Noticed a gargoyle
  8613 | D:7      | Found a basalt altar of Yredelemnul.
  8715 | D:7      | Killed a gargoyle
  9005 | D:8      | Found Awkutuy's Antique Weapon Shop.
  9037 | D:8      | Reached XP level 10. HP: 80/92 MP: 4/12
  9107 | D:8      | Noticed Psyche
  9119 | D:8      | Killed Psyche
  9695 | D:8      | Reached ** piety under Qazlal
 10422 | D:9      | Slain by an orc warrior

Illustrated notes

Levels and vault maps discovered:
D:1:      shiori_arrival_maze, layout_rooms, hangedman_feature_mirror
D:2:      layout_loops_corners, kennysheep_generic_room_10, uniq_jessica,
          uniq_robin, uniq_terence
D:3:      layout_basic, uniq_sigmund
D:4:      layout_cave_pools, serial_column_ruins, column_ruins_hut,
          column_ruins_hut, column_ruins_grid_1, column_ruins_corridor_straight,
          column_ruins_open_tiny, column_ruins_grid_3, column_ruins_open_small,
          column_ruins_grid_2, column_ruins_grid_4, serial_shops, shop,
          nicolae_shop_stone, nicolae_shop_behind_doors, shop
D:5:      layout_basic, kennysheep_mini_moat, grunt_ministairs_4, st_stairs_6,
          minmay_small_thing, uniq_edmund
D:6:      layout_rooms, minmay_temple_entry_glass, serial_undead,
          serial_undead_d, serial_undead_a, serial_undead_e, serial_undead_a,
          uniq_grinder
D:7:      layout_rooms, brannock_xom_greatest_gift, grunt_temple_overflow_open,
          minmay_misc_feat_rows, nicolae_lava_and_water, uniq_maggie
D:8:      layout_loops_corners, serial_shops, shop_coins, uniq_psyche
D:9:      layout_grid_maze, lemuel_coloured_pillars_altar,
          amcnicky_mini_pool_small, uniq_pikel, uniq_maurice,
          uniq_prince_ribbit1
Temple:   minmay_temple_bridge_d

Skill      XL: |  1  2  3  4  5  6  7  8  9 10 |
---------------+-------------------------------+-----
Shields        | 3 4 5 6 |  6.3
Armour         | 3 4 5 6 |  6.2
Long Blades    | 3 4 5 6 7 |  7.0
Fighting       | 4 5 6 7 |  7.6
Maces & Flails | 2 4 |  4.9
Invocations    | 3 4 |  4.4

Action                   |  1- 3 |  4- 6 |  7- 9 | 10-12 || total
-------------------------+-------+-------+-------+-------++-------
Melee: Long sword        |   105 |   163 |   310 |       ||   578
       Tailslap          |    17 |    12 |    67 |    16 ||   112
       Flail             |       |       |   170 |   105 ||   275
 Abil: Rolling Charge    |     7 |     9 |    42 |    10 ||    68
  Use: Scroll            |       |     6 |     4 |     1 ||    11
       Potion            |       |     2 |     1 |       ||     3
Armor: Scale mail        |    49 |    75 |   229 |    36 ||   389
Dodge: Dodged            |    21 |    30 |   113 |    24 ||   188
Block: Kite shield       |    65 |    93 |   276 |    51 ||   485
       Rpst.: Long sword |     6 |     8 |    22 |       ||    36
